Map: Curious Minds LE

Players

AGOElazer (Elazer)

  • Race: Zerg Zerg
  • League: Master

Reynor - Winner!

  • Race: Zerg Zerg
  • League: Master

Event: TSL 8

VOD

Have the link to the VOD?

Description

Time

  • Played on: Nov. 26, 2021, 11:45 a.m.
  • Length: 14:07

All games in this series

Show
View Real Time Build Order
Export as new Build Order

AGOElazer Zerg 

Build Orders: Hatch First 

Get SALT Encoding   

  12  0:00  Drone  
  13  0:12  Overlord  
  13  0:16  Drone  
  14  0:30  Drone x2  
  16  0:47  Hatchery  
  15  0:50  Drone  
  15  0:54  Drone  
  15  0:57  Drone  
  18  1:07  Extractor  
  17  1:12  Spawning Pool  
  17  1:15  Drone  
  17  1:19  Drone  
  18  1:28  Drone  
  19  1:38  Drone  
  20  1:50  Drone  
  21  1:59  Queen x2  
  21  2:01  Drone, Overlord  
  26  2:11  Drone x2  
  26  2:12  Metabolic Boost  
  28  2:21  Drone x2  
  30  2:32  Drone x2  
  30  2:35  Queen  
  34  2:40  Evolution Chamber  
  34  2:43  Drone, Overlord  
  34  2:55  Drone x2  
  34  2:56  Roach Warren  
  35  3:04  Zergling x4  
  37  3:07  Zergling x10  
  37  3:10  Zergling x2  
  43  3:23  Drone, Overlord  
  44  3:30  Hatchery  
  43  3:35  Drone  
  43  3:37  Zerg Ground Armor Level 1  
  44  3:41  Drone x2  
  44  3:43  Drone  
  44  3:44  Drone  
  44  3:48  Drone  
  47  3:50  Drone  
  47  3:52  Drone  
  47  3:56  Extractor  
  47  3:57  Drone x2  
  47  4:00  Overlord  
  48  4:11  Overlord  
  48  4:12  Overlord  
  48  4:16  Roach  
  50  4:21  Roach x4  
  58  4:29  Roach  
  60  4:36  Baneling Nest  
  59  4:38  Roach  
  59  4:39  Roach  
  59  4:40  Roach  
  59  4:42  Roach  
  59  4:43  Overlord  
  67  4:46  Roach  
  67  4:51  Roach  
  72  4:52  Zergling x2  
  72  4:53  Zergling x8  
  72  4:59  Zergling x4  
  78  5:05  Zergling x2  
  79  5:11  Zergling x8  
  83  5:15  Zergling x2  
  83  5:16  Zergling x6  
  83  5:20  Baneling  
  83  5:21  Baneling x5  
  87  5:23  Zergling x6  
  87  5:27  Overlord  
  88  5:30  Baneling x2  
  81  5:46  Zergling x10  
  73  5:50  Zergling x16  
  73  5:52  Zergling x4  
  70  6:02  Drone x4  
  68  6:04  Queen  
  68  6:08  Drone x2  
  68  6:13  Drone x3  
  68  6:15  Drone  
  72  6:20  Overlord  
  72  6:29  Zergling x14  
  72  6:32  Zerg Melee Weapons Level 1  
  72  6:38  Zergling x8  
  74  6:41  Queen  
  76  6:51  Zergling x12  
  82  6:57  Overlord  
  82  6:59  Queen  
  82  7:01  Queen  
  84  7:05  Drone x4  
  84  7:07  Drone  
  91  7:09  Drone x2  
  91  7:14  Overlord  
  90  7:15  Drone x3  
  90  7:17  Drone  
  92  7:23  Overlord  
  92  7:25  Lair  
  89  7:30  Spore Crawler  
  89  7:31  Zergling x4, Spore Crawler  
  89  7:32  Spore Crawler  
  89  7:34  Zergling x2  
  89  7:35  Zergling x4  
  91  7:41  Queen  
  91  7:42  Queen  
  95  7:45  Zergling x4  
  95  7:50  Overlord  
  95  7:51  Drone x3  
  99  7:53  Overlord  
  99  7:58  Overlord  
  97  8:07  Roach x5  
  107  8:14  Overlord  
  109  8:20  Roach x5  
  109  8:23  Glial Reconstitution  
  109  8:26  Roach, Extractor  
  124  8:27  Roach x3, Extractor  
  124  8:29  Extractor  
  123  8:35  Zerg Missile Weapons Level 1  
  123  8:40  Spore Crawler, Overlord  
  124  8:41  Drone x2  
  124  8:42  Drone  
  123  8:54  Overlord  
  123  8:55  Drone  
  124  8:56  Roach x5  
  124  8:57  Roach x3  
  140  9:04  Roach x3  
  140  9:08  Overlord  
  140  9:09  Roach  
  150  9:10  Roach  
  149  9:19  Roach x3  
  155  9:26  Roach  
  157  9:32  Roach x4  
  157  9:33  Roach x2  
  157  9:37  Roach  
  157  9:38  Roach  
  154  9:48  Roach x5  
  154  9:52  Roach x2  
  160  10:01  Roach x5  
  160  10:04  Overlord x2  
  169  10:27  Roach  
  169  10:28  Roach x8  
  175  10:31  Ravager x3  
  175  10:32  Ravager  
  179  10:36  Zerg Missile Weapons Level 2  
  179  10:40  Drone  
  180  10:46  Roach x2  
  184  10:55  Overlord  
  184  10:58  Drone  
  184  10:59  Hydralisk Den  
  184  11:00  Drone, Hatchery, Extractor  
  184  11:01  Drone  
  184  11:03  Drone  
  185  11:09  Overlord  
  185  11:14  Ravager  
  186  11:23  Roach x3  
  186  11:24  Roach  
  188  11:37  Roach x9  
  198  11:45  Grooved Spines  
  190  11:56  Roach x7  
  192  12:12  Roach  
  192  12:13  Roach x5  
  197  12:22  Roach x3  
  175  12:31  Roach x6  
  181  12:38  Roach x5  
  163  12:44  Roach x3  
  132  12:58  Roach x7  
  132  12:59  Roach x3  
  132  13:04  Roach x4  
  131  13:17  Roach  
  131  13:18  Roach x3  
  126  13:25  Roach x4  
  121  13:32  Roach x6  
  110  13:39  Roach  
Show
View Real Time Build Order
Export as new Build Order

Reynor Zerg - Winner!

Build Orders: Hatch First 

Get SALT Encoding   

  12  0:00  Drone  
  13  0:11  Overlord  
  13  0:17  Drone  
  14  0:30  Drone x2  
  16  0:47  Hatchery  
  15  0:50  Drone  
  15  0:54  Drone  
  18  0:57  Drone  
  18  1:08  Extractor  
  17  1:13  Spawning Pool  
  17  1:15  Drone  
  17  1:19  Drone  
  18  1:27  Drone  
  19  1:38  Drone  
  20  1:48  Overlord  
  20  1:59  Queen x2  
  20  2:00  Drone x2  
  26  2:10  Drone x2  
  28  2:20  Drone  
  28  2:21  Drone  
  30  2:27  Hatchery  
  29  2:31  Drone x2  
  31  2:42  Drone  
  31  2:43  Overlord  
  32  2:47  Evolution Chamber  
  31  2:53  Drone x2, Queen  
  35  3:03  Drone  
  35  3:04  Drone  
  37  3:06  Overlord  
  37  3:08  Drone x2  
  37  3:09  Drone x2  
  41  3:12  Zerg Missile Weapons Level 1  
  41  3:14  Drone  
  42  3:21  Roach Warren  
  42  3:23  Drone  
  42  3:25  Drone  
  43  3:27  Zergling x2  
  43  3:33  Lair  
  45  3:35  Evolution Chamber  
  45  3:39  Drone x3  
  45  3:40  Drone, Extractor  
  47  3:43  Zergling x2  
  47  3:47  Evolution Chamber  
  47  3:51  Drone x2  
  47  3:54  Extractor  
  47  3:55  Extractor  
  45  3:58  Drone  
  45  4:01  Drone  
  48  4:04  Queen  
  48  4:07  Overlord  
  48  4:08  Drone x2  
  52  4:14  Overlord  
  52  4:22  Overlord  
  52  4:26  Roach x2  
  56  4:32  Drone, Spire  
  56  4:34  Roach  
  56  4:35  Glial Reconstitution  
  58  4:39  Roach  
  58  4:43  Overseer  
  58  4:45  Roach  
  62  4:46  Drone  
  62  4:49  Overlord  
  63  4:57  Roach x3  
  69  5:00  Hatchery  
  68  5:08  Overlord  
  68  5:11  Roach x4  
  68  5:13  Overlord  
  76  5:18  Roach x2  
  76  5:21  Roach  
  82  5:23  Ravager, Spine Crawler  
  82  5:24  Overlord  
  82  5:25  Spine Crawler  
  82  5:29  Roach  
  82  5:30  Roach  
  82  5:33  Ravager x2  
  85  5:42  Roach x2  
  88  5:47  Queen  
  81  5:50  Roach x3  
  81  5:55  Roach  
  74  6:05  Mutalisk x2  
  78  6:14  Mutalisk  
  78  6:17  Drone  
  81  6:21  Hatchery  
  80  6:26  Mutalisk  
  80  6:27  Overlord  
  72  6:36  Roach x2  
  69  6:41  Mutalisk  
  69  6:44  Drone x2  
  69  6:46  Drone  
  74  6:47  Mutalisk  
  74  6:53  Roach  
  74  6:54  Roach x2  
  82  6:58  Roach x2  
  86  7:07  Overlord  
  86  7:09  Roach  
  88  7:16  Zerg Missile Weapons Level 2  
  88  7:22  Hatchery  
  88  7:24  Roach x4  
  88  7:27  Overlord  
  88  7:28  Roach  
  88  7:29  Roach  
  100  7:37  Overlord  
  100  7:43  Zerg Ground Armor Level 1  
  100  7:44  Drone x5  
  105  7:53  Roach x4  
  113  7:59  Overlord  
  113  8:02  Roach  
  115  8:10  Roach x4  
  121  8:16  Baneling Nest  
  121  8:18  Roach  
  122  8:20  Roach x3  
  122  8:26  Overlord  
  128  8:28  Roach  
  130  8:36  Roach x2  
  130  8:38  Overlord  
  134  8:47  Roach x2  
  134  8:48  Roach x3  
  144  8:52  Zergling x4  
  146  8:58  Zergling x2  
  146  8:59  Zergling x2  
  146  9:00  Roach x2  
  152  9:05  Overlord  
  152  9:09  Roach  
  154  9:11  Baneling x2  
  154  9:14  Overlord  
  154  9:18  Baneling x4  
  154  9:19  Baneling  
  154  9:21  Overlord  
  154  9:28  Ravager x3, Overlord  
  154  9:29  Drone x5  
  154  9:31  Extractor  
  161  9:32  Extractor  
  161  9:37  Roach x4  
  162  9:47  Ravager  
  162  9:48  Ravager  
  162  9:50  Drone, Queen  
  162  9:51  Drone x4  
  162  9:52  Ravager  
  155  10:05  Drone x3  
  155  10:06  Drone x4  
  162  10:11  Ravager  
  163  10:16  Drone x2  
  163  10:18  Drone x2  
  163  10:20  Ravager  
  162  10:28  Roach x3  
  162  10:31  Roach  
  166  10:38  Roach x2  
  166  10:41  Overseer  
  170  10:45  Zerg Ground Armor Level 2  
  170  10:54  Hatchery  
  169  10:58  Roach x6  
  169  11:02  Overseer  
  181  11:06  Roach x2  
  181  11:09  Overlord  
  185  11:24  Infestation Pit, Overlord  
  175  11:34  Roach x9  
  175  11:38  Overlord  
  185  11:43  Roach x3  
  191  11:54  Roach x5  
  188  12:16  Roach x6  
  188  12:17  Hive  
  185  12:32  Roach x7  
  185  12:46  Roach x7  
  197  12:56  Roach x2  
  197  12:57  Roach x4  
  177  13:06  Roach x3  
  177  13:10  Hydralisk Den  
  180  13:13  Roach  
  180  13:14  Roach x2  
  180  13:18  Roach x2  
  182  13:23  Roach  
  182  13:26  Roach x2  
  178  13:27  Ravager  
  178  13:28  Ravager x2  
  178  13:29  Roach  
  178  13:32  Roach  
Tags
 
Add a new tag
Caveats
  • Supply blocks, unpowered buildings, or Contaminate may cause inaccurate times.
  • Supply counts are checked every 10 seconds.